Map: Oxide LE

Players

TLHarstem (Harstem)

  • Race: Protoss Protoss
  • League: Master
  • Spawn Location: 1:00

LiquidClem (Clem) - Winner!

  • Race: Terran Terran
  • League: Grandmaster
  • Spawn Location: 7:00

Event: ASUS ROG Online 2020

VOD

Have the link to the VOD?

Description

Time

  • Played on: Nov. 28, 2020, 10:38 a.m.
  • Length: 5:57

All games in this series

Show
View Real Time Build Order
Export as new Build Order

TLHarstem Protoss 

Build Orders: 1 Gate Expand, Phoenix Opening 

Get SALT Encoding   

  12  0:00  Probe  
  13  0:13  Probe  
  14  0:17  Pylon  
  14  0:25  Probe  
  15  0:36  Gateway  
  15  0:37  Probe (Chrono Boost)  
  16  0:46  Probe (Chrono Boost)  
  16  0:49  Assimilator  
  17  0:51  Probe (Chrono Boost)  
  18  1:03  Probe  
  19  1:15  Probe  
  20  1:23  Cybernetics Core  
  20  1:34  Nexus  
  20  1:40  Pylon  
  20  1:43  Probe  
  21  1:50  Assimilator  
  21  1:55  Probe  
  21  1:57  Adept (Chrono Boost)  
  24  2:07  Probe  
  25  2:18  Adept (Chrono Boost)  
  25  2:19  Probe  
  28  2:29  Stargate  
  28  2:31  Probe  
  29  2:39  Adept, Warp Gate  
  31  2:46  Probe (Chrono Boost)  
  33  2:51  Probe (Chrono Boost)  
  33  2:55  Probe (Chrono Boost)  
  35  2:59  Probe (Chrono Boost)  
  35  3:00  Probe (Chrono Boost)  
  35  3:02  Shield Battery  
  36  3:10  Probe  
  37  3:13  Phoenix, Probe  
  40  3:22  Probe  
  40  3:25  Probe  
  42  3:29  Pylon  
  42  3:30  Robotics Facility  
  42  3:34  Probe  
  42  3:37  Probe  
  42  3:38  Phoenix  
  46  3:47  Probe  
  47  3:49  Probe  
  48  3:57  Assimilator  
  48  3:58  Pylon  
  48  3:59  Probe  
  48  4:01  Assimilator, Probe  
  50  4:03  Phoenix (Chrono Boost)  
  52  4:12  Probe  
  52  4:13  Probe  
  54  4:19  Shield Battery  
  54  4:24  Probe  
  55  4:25  Phoenix (Chrono Boost), Gateway, Probe  
  58  4:35  Robotics Bay  
  58  4:36  Probe  
  58  4:37  Probe  
  60  4:41  Nexus  
  60  4:43  Pylon  
  60  4:48  Probe  
  60  4:50  Observer  
  62  4:59  Pylon  
  62  5:00  Phoenix (Chrono Boost)  
  62  5:01  Probe x2 (Chrono Boost)  
  62  5:06  Pylon  
  66  5:13  Probe x2 (Chrono Boost)  
  68  5:17  Stalker  
  68  5:18  Probe (Chrono Boost)  
  68  5:19  Shield Battery  
  71  5:23  Pylon x2  
  71  5:27  Phoenix  
  68  5:35  Stalker  
  76  5:42  Stalker  
  75  5:44  Probe  
Show
View Real Time Build Order
Export as new Build Order

LiquidClem Terran - Winner!

Build Orders: Reaper Expand 

Get SALT Encoding   

  12  0:01  SCV  
  13  0:13  SCV  
  14  0:16  Supply Depot  
  14  0:25  SCV  
  15  0:38  SCV  
  15  0:39  Barracks  
  16  0:44  Refinery  
  16  0:50  SCV  
  17  1:02  SCV  
  18  1:14  SCV  
  19  1:26  Reaper  
  19  1:27  Orbital Command  
  20  1:39  Command Center  
  20  1:48  Supply Depot  
  20  1:52  SCV  
  21  1:58  Marine  
  22  2:04  SCV  
  23  2:10  Factory  
  23  2:16  Marine  
  23  2:17  Refinery  
  23  2:19  SCV  
  25  2:31  SCV  
  25  2:35  Barracks Reactor  
  26  2:38  Bunker  
  26  2:43  SCV  
  27  2:54  Orbital Command  
  27  2:55  SCV  
  27  2:56  Hellion  
  27  2:58  Starport  
  30  3:07  SCV  
  31  3:13  Marine x2  
  31  3:18  Factory Tech Lab  
  31  3:19  SCV  
  34  3:20  SCV  
  34  3:31  Supply Depot, SCV  
  34  3:32  SCV  
  36  3:35  Viking  
  36  3:38  Cyclone, Marine  
  36  3:40  Marine  
  43  3:44  SCV x2  
  45  3:53  Supply Depot  
  43  3:56  SCV x2  
  45  4:06  Command Center  
  45  4:08  SCV x2  
  47  4:15  Cyclone  
  50  4:18  Viking  
  50  4:21  SCV  
  50  4:22  SCV, Marine  
  50  4:24  Marine  
  56  4:34  SCV x2  
  56  4:35  Barracks  
  56  4:36  Barracks  
  58  4:40  Supply Depot  
  58  4:46  SCV, Marine x2  
  58  4:48  Starport Tech Lab  
  58  4:52  Supply Depot  
  61  4:53  SCV  
  61  4:59  Refinery  
  62  5:00  Engineering Bay  
  62  5:02  Siege Tank, SCV  
  62  5:06  Supply Depot  
  66  5:07  Marine  
  66  5:08  SCV, Marine  
  66  5:12  Starport Reactor  
  69  5:16  SCV  
  69  5:21  Orbital Command, SCV  
  68  5:25  Marine x2  
  68  5:26  Barracks Tech Lab  
  68  5:28  SCV  
  70  5:33  SCV, Marine  
Tags
 
Add a new tag
Caveats
  • Supply blocks, unpowered buildings, or Contaminate may cause inaccurate times.
  • Supply counts are checked every 10 seconds.